 Dungeon Crawl Stone Soup version 0.27.0-1-g7a089689b8 (webtiles) character file.

Game seed: 9021648606088453141

40 hawla the Grave Robber (level 3, 0/30 HPs)
             Began as a Deep Elf Necromancer on Aug 13, 2021.
             Slain by a gnoll (10 damage)
             ... on level 2 of the Dungeon.
             The game lasted 00:03:18 (1594 turns).

hawla the Grave Robber (Deep Elf Necromancer)       Turns: 1594, Time: 00:03:18

Health: 0/30       AC: 21    Str:  5    XL:     3   Next: 30%
Magic:  1/10       EV:  2    Int: 20    God:
Gold:   52         SH:  0    Dex: 15    Spells: 5/9 levels left

rFire    . . .     SeeInvis .   c - +1 dagger (pain)
rCold    . . .     Faith    .   (no shield)
rNeg     + + +     Spirit   .   (armour currently unavailable)
rPois    +         Reflect  .   (helmet currently unavailable)
rElec    .         Harm     .   (cloak currently unavailable)
rCorr    .         Rampage  .   (gloves currently unavailable)
Will     .....     NoTele   +   (boots currently unavailable)
Stlth    ++........             (no amulet)
HPRegen  0.10/turn              (no ring)
MPRegen  0.12/turn              (no ring)

@: tree-form
A: stationary, stasis, torment immunity, boosted hp
a: no special abilities


You were on level 2 of the Dungeon.
You were a tree.
You visited 1 branch of the dungeon, and saw 2 of its levels.

You collected 52 gold pieces.

Inventory:

Hand Weapons
 c - a +1 dagger of pain (weapon)
Missiles
 e - 7 atropa-tipped darts (quivered)
Armour
 a - a +0 robe (melded)
Potions
 d - a potion of curing


   Skills:
 + Level 0.8 Fighting
 + Level 2.9 Dodging
 - Level 3.0 Stealth
 + Level 3.5 Spellcasting
 + Level 5.2 Necromancy


You had 5 spell levels left.
You knew the following spells:

 Your Spells              Type           Power      Damage    Failure   Level
a - Pain                  Necr           96%        1d8       1%          1
b - Vampiric Draining     Necr           12%        2d7       4%          3

Your spell library contained the following spells:

 Spells                   Type           Power      Damage    Failure   Level
 Animate Skeleton         Necr           48%        N/A       1%          1
 Animate Dead             Necr           12%        N/A       16%         4
 Agony                    Necr           24%        N/A       41%         5


Dungeon Overview and Level Annotations

Branches:
Dungeon (2/15)

Altars:


Message History

Casting: Vampiric Draining (dangerous; 4% risk of failure)
Confirm with . or Enter, or press ? or * to list all spells.
Aiming: Pain (safe; 1% risk of failure)
Press: ? - help, Shift-Dir - straight line, f/p - gnoll
Aim: a gnoll, wielding a +0 whip (moderately wounded, chance to affect: 88%)
The gnoll writhes in agony.
The gnoll shouts!
The gnoll drinks a potion.
The gnoll seems to speed up.
The gnoll hits you but does no damage. The gnoll barely misses you.
Casting: Pain (safe; 1% risk of failure)
Confirm with . or Enter, or press ? or * to list all spells.
Aiming: Pain (safe; 1% risk of failure)
Press: ? - help, Shift-Dir - straight line, f/p - gnoll
Aim: a gnoll, wielding a +0 whip (heavily wounded, chance to affect: 88%)
The gnoll writhes in agony.
The gnoll hits you but does no damage. x2
You hit the gnoll.
You kill the gnoll!
The gnoll hits you from afar with a +0 halberd.
Training target 3.0 for Stealth reached!
Your Stealth skill increases to level 3!
You cannot move.
Unknown command.
The gnoll hits you but does no damage. The gnoll barely misses you.
The gnoll hits you but does no damage.
The gnoll hits you from afar with a +0 halberd.
The gnoll hits you but does no damage. The gnoll hits you but does no damage.
The gnoll hits you but does no damage.
The gnoll hits you from afar with a +0 halberd.
Your magical contamination has completely faded away.
The gnoll hits you from afar with a +0 halberd!
Casting: Pain (safe; 1% risk of failure)
Confirm with . or Enter, or press ? or * to list all spells.
Aiming: Pain (safe; 1% risk of failure)
Press: ? - help, Shift-Dir - straight line, f - gnoll
Aim: a gnoll, wielding a +0 halberd (chance to affect: 88%)
The gnoll writhes in agony.
The gnoll hits you from afar with a +0 halberd!
You die...

# ### # #.#
#######.#
......†.##########
#######..........#
# ##########.# #
#.# # #♣# # #)# #
#g# # . # #S# #
#..#.##b## #
......gBg#### #
.....≈.≈....# #
...#.≈⌠.....# # .#
#..≈≈....#


You could see 3 gnolls, a giant cockroach, a bat and a ball python.

Vanquished Creatures
  An adder (D:2)
  A gnoll (D:2)
  A dart slug (D:2)
  2 endoplasms (D:2)
  2 giant cockroaches
  3 goblins
  A hobgoblin (D:2)
  3 jackals (D:2)
  A bat (D:1)
  3 frilled lizards
18 creatures vanquished.

Notes
Turn   | Place    | Note
-------+----------+-------------------------------------------
     0 | D:1      | hawla the Deep Elf Necromancer began the quest for the Orb.
     0 | D:1      | Reached XP level 1. HP: 10/10 MP: 6/6
   131 | D:1      | Found a faded altar of an unknown god.
   358 | D:1      | Reached skill level 5 in Necromancy
   909 | D:2      | Reached XP level 2. HP: 9/15 MP: 2/8
  1364 | D:2      | Reached XP level 3. HP: 15/20 MP: 4/9
  1368 | D:2      | Learned a level 3 spell: Vampiric Draining
  1594 | D:2      | Slain by a gnoll

Illustrated notes

Levels and vault maps discovered:
D:1:      lightli_arrival_maybe_door_vault, layout_basic,
          hellmonk_ecumenical_altar_arch_garden, minmay_misc_feat_more_columns,
          serial_bayou_lagoon_a, kennysheep_another_room, roderic_roman_lattice
D:2:      layout_basic, corexii_leaking_fountain, minivault_14

Skill      XL: |  1  2  3 |
---------------+----------+-----
Necromancy     | 5 |  5.2
Stealth        | 3 |  3.0
Fighting       | |  0.8
Dodging        | |  2.9
Spellcasting   | |  3.5

Action                   || total
-------------------------++-------
Melee: Dagger            ||    15
 Cast: Pain              ||    31
  Use: Scroll            ||     5
       Potion            ||     2
Armor: Robe              ||     1
       Skin              ||    10
Dodge: Dodged            ||    23
